 Dungeon Crawl Stone Soup version 0.23.0 (webtiles) character file.

Game seed: 4921841438780957526

6624 Scud the Cleaver (level 10, -1/91 HPs)
             Began as a Minotaur Berserker on Feb 17, 2019.
             Was a High Priest of Trog.
             Slain by a killer bee (2 damage)
             ... on level 9 of the Dungeon.
             The game lasted 00:34:24 (6316 turns).

Scud the Cleaver (Minotaur Berserker)               Turns: 6316, Time: 00:34:25

Health: -1/91      AC:  8    Str: 24    XL:     10   Next: 72%
Magic:  9/9        EV: 13    Int:  9    God:    Trog [*****.]
Gold:   127        SH:  0    Dex: 11    Spells: 9/9 levels left

rFire    . . .     SeeInvis .   D - +1 war axe (vamp)
rCold    . . .     Gourm    .   (no shield)
rNeg     . . .     Faith    .   s - +0 scale mail
rPois    .         Spirit   .   (helmet restricted)
rElec    .         Reflect  .   (no cloak)
rCorr    .         Harm     .   (no gloves)
MR       ++...                  (no boots)
Stlth    ..........             (no amulet)
HPRegen  1.25/turn              f - +3 ring of slaying
MPRegen  0.11/turn              p - +5 ring of intelligence

@: lethally poisoned (-1 -> -8), berserk cooldown, regenerating, slowed, very
slow
A: retaliatory headbutt, horns 2
a: Berserk, Trog's Hand, Brothers in Arms, Renounce Religion


You were on level 9 of the Dungeon.
You worshipped Trog.
Trog was extremely pleased with you.
You were hungry.

You visited 1 branch of the dungeon, and saw 9 of its levels.

You collected 617 gold pieces.
You spent 490 gold pieces at shops.

Inventory:

Hand Weapons
 a - a +0 mace
 y - a +2 scythe of slicing
 D - a +1 vampiric war axe (weapon)
Armour
 b - a +0 animal skin
 s - a +0 scale mail (worn)
Jewellery
 f - a +3 ring of slaying (left hand)
 p - a +5 ring of intelligence (right hand)
Wands
 l - a wand of flame (18)
 w - a wand of paralysis (6)
 F - a wand of polymorph (2)
 H - a wand of random effects (12)
 I - a wand of iceblast (14)
Scrolls
 h - 2 scrolls of amnesia {unknown}
 i - 3 scrolls of teleportation {unknown}
 k - 5 scrolls of remove curse {unknown}
 m - a scroll of immolation {unknown}
 n - 4 scrolls of magic mapping {unknown}
 q - 3 scrolls of fog {unknown}
 u - 12 scrolls of identify {unknown}
 B - a scroll of random uselessness {unknown}
 E - a scroll of noise {unknown}
 J - a scroll of enchant weapon {unknown}
 L - a scroll of blinking {unknown}
Potions
 d - 2 potions of magic {unknown}
 e - 3 potions of heal wounds {unknown}
 g - 2 potions of curing {unknown}
 j - 2 potions of cancellation {unknown}
 o - 3 potions of flight {unknown}
 r - 2 potions of haste {unknown}
 t - a potion of berserk rage {unknown}
 v - 2 potions of agility {unknown}
 x - 2 potions of invisibility {unknown}
 z - a potion of ambrosia {unknown}
 A - 2 potions of resistance {unknown}
 C - a potion of degeneration {unknown}
 G - a potion of lignification {unknown}
Comestibles
 c - 26 rations
 K - 4 chunks of flesh


   Skills:
 + Level 9.5 Fighting
 + Level 10.1(11.7) Axes
 + Level 8.7(10.7) Maces & Flails
 + Level 4.1(7.7) Polearms
 + Level 8.9 Armour
 + Level 6.6 Dodging
 - Level 1.1 Stealth


You had 9 spell levels left.
You didn't know any spells.
Your spell library was empty.

Dungeon Overview and Level Annotations

Branches:
Dungeon (9/15)             Temple (0/1) D:7
   Lair: D:8-11         Orc: D:9-12

Altars:
Cheibriados
Elyvilon
Gozag
Okawaru
Ru
Uskayaw
Wu Jian
Zin
The Shining One

Shops:
D:8 %


Innate Abilities, Weirdness & Mutations

You reflexively headbutt those who attack you in melee.
You have a pair of horns on your head.


Message History

The killer bee poisons you!
The orc throws a stone.
The stone barely misses you. The killer bee closely misses you.
The killer bee barely misses you.
You closely miss the killer bee. You headbutt the killer bee!
The killer bee is severely wounded.
You slash the orc!
You kill the orc!
Trog accepts your kill.
You slash something! You closely miss the killer bee.
You slash the goblin zombie!
You destroy the goblin zombie!
Trog accepts your kill.
You feel very sick. The killer bee barely misses you. You furiously retaliate!
You headbutt the killer bee. The killer bee closely misses you.
The orc throws a stone.
The stone hits you but does no damage. The killer bee stings you!
* * * LOW HITPOINT WARNING * * *
The killer bee stings you.
You die...

...................... _Z
....................PP
...
#...(.......†.......$♣
..##.........$..<........
+
#Z...#.........######...
..#....#.........# ##
.......#...o...†.#
.......#y††.†)...#
#..†@y..†...#
###(..÷.....# #..)......#
#.........# #.........#
#.........# #.........#
#..()..<..# #..>).....#


You could see 2 killer bees and an orc.

Vanquished Creatures
  The ghost of Noname the Sneak, a novice GnWn of Uskayaw (D:6)
  Prince Ribbit (D:8)
  Grinder (D:6)
  A hippogriff (D:8)
  Sigmund (D:5)
  Eustachio (D:5)
  5 yaks (D:9)
  A water moccasin (D:8)
  3 porcupines (D:9)
  An orc warrior (D:8)
  3 ice beasts
  A sky beast (D:8)
  A black bear (D:8)
  2 wolves (D:9)
  9 ogres
  An eye of draining (D:8)
  A centaur (D:5)
  2 crocodiles (D:9)
  Blork the orc (D:5)
  A big kobold (D:9)
  6 bullfrogs
  A water moccasin zombie (D:7)
  4 killer bees (D:9)
  4 crimson imps
  A howler monkey (D:8)
  2 centaur zombies
  2 bullfrog zombies
  A quasit (D:7)
  5 orc priests
  2 hounds
  A jelly (D:4)
  An iron imp (D:9)
  Jessica (D:3)
  Terence (D:3)
  2 iguanas
  A bullfrog skeleton (D:5)
  7 orc wizards
  8 worker ants
  A hound zombie (D:8)
  2 hound skeletons
  A worker ant zombie (D:6)
  7 adders
  4 gnolls
  A shadow imp (D:5)
  An adder skeleton (D:5)
  3 adder zombies
  A dart slug (D:2)
  2 worms (D:2)
  6 leopard geckos
  27 orcs
  11 bats
  5 giant cockroaches
  7 goblins
  8 hobgoblins
  4 jackals (D:1)
  12 kobolds
  5 quokkas
  A ball python (D:7)
  5 frilled lizards
  A goblin zombie (D:9)
  2 hobgoblin zombies (D:9)
  2 jackal skeletons
  A kobold skeleton (D:9)
  A kobold zombie (D:9)
  A leopard gecko skeleton (D:4)
  A quokka skeleton (D:7)
  7 rats
218 creatures vanquished.

Vanquished Creatures (collateral kills)
  A shadow (D:9)
  A water moccasin (D:9)
  A killer bee (D:9)
  A howler monkey (D:9)
4 creatures vanquished.

Vanquished Creatures (others)
  3 fungi (D:9)
  11 plants (D:9)
14 creatures vanquished.

Grand Total: 236 creatures vanquished

Notes
Turn   | Place    | Note
-------+----------+-------------------------------------------
     0 | D:1      | Scud the Minotaur Berserker began the quest for the Orb.
     0 | D:1      | Reached XP level 1. HP: 19/19 MP: 0/0
   258 | D:1      | Reached XP level 2. HP: 26/27 MP: 1/1
   446 | D:1      | Reached ** piety under Trog
   467 | D:1      | Reached XP level 3. HP: 33/33 MP: 2/2
   774 | D:2      | Found an opulent altar of Gozag.
   803 | D:2      | Reached XP level 4. HP: 40/41 MP: 3/3
  1212 | D:3      | Found a faded altar of an unknown god.
  1292 | D:3      | Reached *** piety under Trog
  1292 | D:3      | Reached skill level 5 in Maces & Flails
  1317 | D:3      | Noticed Terence
  1322 | D:3      | Killed Terence
  1322 | D:3      | Reached XP level 5. HP: 39/47 MP: 4/4
  1374 | D:3      | Reached skill level 5 in Fighting
  1486 | D:3      | Noticed Jessica
  1489 | D:3      | Killed Jessica
  1492 | D:3      | Found a sacrificial altar of Ru.
  1541 | D:3      | Reached XP level 6. HP: 14/56 MP: 5/5
  1547 | D:3      | Reached skill level 1 in Stealth
  2342 | D:4      | Reached XP level 7. HP: 53/62 MP: 6/6
  2628 | D:5      | Entered Level 5 of the Dungeon
  2672 | D:5      | Noticed Sigmund
  2679 | D:5      | Killed Sigmund
  2856 | D:5      | Found an iron altar of Okawaru.
  2878 | D:5      | Found a white marble altar of Elyvilon.
  2884 | D:5      | Reached skill level 5 in Armour
  2884 | D:5      | Reached XP level 8. HP: 60/71 MP: 7/7
  2920 | D:5      | Noticed Eustachio
  2928 | D:5      | Killed Eustachio
  2928 | D:5      | Reached skill level 1 in Polearms
  3007 | D:5      | Reached **** piety under Trog
  3407 | D:5      | Noticed Blork the orc
  3412 | D:5      | Killed Blork the orc
  3707 | D:5      | Found a glowing silver altar of Zin.
  3778 | D:6      | Reached skill level 1 in Axes
  3778 | D:6      | Reached skill level 5 in Dodging
  3781 | D:6      | Found a glowing golden altar of the Shining One.
  3781 | D:6      | Found a transporter.
  3883 | D:6      | Noticed Grinder
  3897 | D:6      | Killed Grinder
  3916 | D:6      | Reached skill level 2 in Axes
  4026 | D:6      | Found a transporter.
  4026 | D:6      | Noticed Noname's ghost (novice GnWn)
  4095 | D:6      | Reached XP level 9. HP: 70/79 MP: 8/8
  4103 | D:6      | Killed Noname's ghost
  4103 | D:6      | Reached skill level 4 in Axes
  4506 | D:7      | Reached skill level 5 in Axes
  4858 | D:7      | Reached skill level 6 in Axes
  4950 | D:7      | Found a staircase to the Ecumenical Temple.
  5087 | D:7      | Found an ornate altar of the Wu Jian Council.
  5276 | D:8      | Noticed Prince Ribbit
  5285 | D:8      | Reached ***** piety under Trog
  5311 | D:8      | Found Ekutulok's Food Shop.
  5317 | D:8      | Bought a ration for 70 gold pieces
  5317 | D:8      | Bought a ration for 70 gold pieces
  5317 | D:8      | Bought a ration for 70 gold pieces
  5317 | D:8      | Bought a ration for 70 gold pieces
  5317 | D:8      | Bought a ration for 70 gold pieces
  5317 | D:8      | Bought a ration for 70 gold pieces
  5317 | D:8      | Bought a ration for 70 gold pieces
  5340 | D:8      | Reached skill level 7 in Axes
  5535 | D:8      | Found a sand-covered staircase.
  5614 | D:8      | Found a snail-covered altar of Cheibriados.
  5688 | D:8      | Reached XP level 10. HP: 62/90 MP: 9/9
  5693 | D:8      | Reached skill level 8 in Axes
  5752 | D:8      | Killed Prince Ribbit
  5753 | D:8      | Found a hide-covered altar of Uskayaw.
  5761 | D:8      | Noticed a +0 hand axe
  5761 | D:8      | Noticed a +0 dagger
  6176 | D:9      | Reached skill level 9 in Axes
  6296 | D:9      | Reached skill level 10 in Axes
  6299 | D:9      | Found a glowing golden altar of the Shining One.
  6316 | D:9      | HP: 1/91 [killer bee (8)]
  6316 | D:9      | Slain by a killer bee

Skill      XL: |  1  2  3  4  5  6  7  8  9 10 |
---------------+-------------------------------+-----
Fighting       | 4 5 6 7 8 9 |  9.5
Maces & Flails | 4 5 6 8 |  8.7
Armour         | 3 5 6 7 8 |  8.9
Dodging        | 3 4 5 6 |  6.6
Stealth        | 1 |  1.1
Polearms       | 3 4 |  4.1
Axes           | 2 7 10 | 10.1

Action                   |  1- 3 |  4- 6 |  7- 9 | 10-12 || total
-------------------------+-------+-------+-------+-------++-------
Melee: Mace              |    73 |    75 |    30 |       ||   178
       Headbutt          |    12 |    10 |    49 |    22 ||    93
       Scythe            |       |       |    24 |       ||    24
       War axe           |       |       |   130 |    91 ||   221
Invok: Berserk           |     1 |     3 |     2 |     3 ||     9
       Trog's Hand       |       |     2 |       |     4 ||     6
       Brothers in Arms  |       |       |       |     2 ||     2
 Stab: Sleeping          |     1 |       |       |       ||     1
  Eat: Chunk             |     1 |     8 |     4 |     3 ||    16
       Ration            |       |       |     4 |     1 ||     5
Armor: Animal skin       |    16 |     6 |       |       ||    22
       Scale mail        |       |    29 |    70 |    46 ||   145
Dodge: Dodged            |    68 |    66 |   132 |   108 ||   374
